 Dungeon Crawl Stone Soup version 0.14.1-24-gbdbe590 (webtiles) character file.

505 Kenran the Martial Artist (level 6, -1/37 HPs)
             Began as a Gargoyle Monk on June 19, 2014.
             Slain by Prince Ribbit (12 damage)
             ... on Level 3 of the Dungeon.
             The game lasted 00:09:21 (3567 turns).

Kenran the Martial Artist (Gargoyle Monk)           Turns: 3567, Time: 00:09:21

HP  -1/37        AC  8     Str 14      XL: 6   Next: 41%
MP   6/6         EV 13     Int 11      God:
Gold 196         SH  0     Dex 18      Spells:  0 memorised,  5 levels left

rFire  . . .     SeeInvis .       - Unarmed
rCold  . . .     Clarity  .     a - +0 robe
rNeg   + . .     Conserve .     (no shield)
rPois  +         rCorr    .     (no helmet)
rElec  +         rRot     +     (no cloak)
SustAb . .       Spirit   .     n - +1 pair of gloves
rMut   .         Warding  .     (no boots)
Saprov . . .     Stasis   .     (no amulet)
MR     .....                    (no ring)
                                e - +4 ring of dexterity

@: not resistant to hostile enchantments, fairly stealthy
A: life protection 1, electricity resistance, unbreathing, petrification
resistance, AC +4
a: no special abilities


You were on level 3 of the Dungeon.
You were not hungry.

You visited 1 branch of the dungeon, and saw 4 of its levels.

You collected 196 gold pieces.

Inventory:

Armour
 a - a +0 robe (worn)
 n - a +1 pair of gloves (worn)
Magical devices
 d - a wand of polymorph (8) {unknown}
Comestibles
 b - 5 bread rations
 h - 2 meat rations
 r - an orange
 s - an apricot
Scrolls
 c - 3 scrolls of enchant weapon I
 j - 3 scrolls of remove curse
 k - a scroll of blinking
 m - 3 scrolls of identify
Jewellery
 e - a +4 ring of dexterity (left hand)
 p - an uncursed amulet of inaccuracy {unknown}
 t - a cursed ring of teleportation {unknown}
Potions
 f - a potion of beneficial mutation {unknown}
 g - a potion of restore abilities
 l - a potion of lignification {unknown}
 o - a potion of invisibility {unknown}
 q - a potion of paralysis {unknown}
 u - a potion of magic {unknown}


   Skills:
 - Level 3.2 Fighting
 - Level 2.4 Dodging
 - Level 2.1 Stealth
 + Level 8.2 Unarmed Combat


You had 5 spell levels left.
You didn't know any spells.

Dungeon Overview and Level Annotations

Branches:
Dungeon (4/15)
 Temple: D:4-7

Altars:
Elyvilon
Fedhas
Xom
Yredelemnul

Annotations:
D:3 Prince Ribbit


Innate Abilities, Weirdness & Mutations

You are resistant to torment.
You are immune to poison.
You are immune to rotting.
Your stone body is very resilient (AC +4).
You resist negative energy.
You are resistant to electric shocks.
You can survive without breathing.
You are immune to petrification.


Message History

Prince Ribbit hits you!
You miss Prince Ribbit.
Prince Ribbit is moderately wounded.
Prince Ribbit barely misses you.
You miss Prince Ribbit.
Prince Ribbit is moderately wounded.
Prince Ribbit blinks!
Prince Ribbit hops awkwardly around.
Prince Ribbit blinks!
There is a stone staircase leading down here.
Prince Ribbit blinks!
Prince Ribbit croaks regally.
You miss Prince Ribbit.
Prince Ribbit is moderately wounded.
Prince Ribbit hits you!
* * * LOW HITPOINT WARNING * * *
Prince Ribbit barely misses you.
You see here a club.
Prince Ribbit hits you!
You die...

..........#.#.............#.#..#.
............##....##......#..#..#
.#...#.###<###....##......#...#..
.#...#.# #...........######.#..#.
.#...#.# #........#####...%..#..#
.#...#.# ###.........##.###...#..
.#...#.# ###.#...###.##.###.#..#.
.......# #...#..F)##.##.##...#..#
###.#### #.≈≈≈..@.............#..
..#.# #≈≈≈≈;......##.###.#..#.
#.#.# #≈≈_≈≈..###.##......#..#
#.#.### ##≈≈≈≈≈......####.#...#..
......###..≈≈≈.#.##### #.#.#..#.
#.#.#..........#.# #.#......
..#.######.##.##.# #........
###.# #.......# #########
###.#### ####.####


You could see Prince Ribbit and a neutral big fish (wandering).

Vanquished Creatures
  A crimson imp (D:3)
  2 orc priests (D:3)
  2 orc wizards (D:3)
  A worker ant (D:3)
  A hound skeleton (D:4)
  6 adders
  A giant mite (D:3)
  An orc skeleton (D:3)
  3 oozes
  6 orcs (D:3)
  4 bats
  4 giant cockroaches
  5 goblins
  5 hobgoblins
  6 jackals
  2 giant geckos
  3 kobolds
  A kobold skeleton (D:4)
  6 rats
60 creatures vanquished.

Notes
Turn   | Place    | Note
--------------------------------------------------------------
     0 | D:1      | Kenran, the Gargoyle Monk, began the quest for the Orb.
     0 | D:1      | Reached XP level 1. HP: 14/14 MP: 1/1
   199 | D:1      | Reached XP level 2. HP: 19/19 MP: 2/2
   505 | D:1      | Reached skill level 5 in Unarmed Combat
   811 | D:2      | Reached XP level 3. HP: 18/23 MP: 3/3
  1498 | D:2      | Reached skill level 6 in Unarmed Combat
  1498 | D:2      | Reached XP level 4. HP: 21/28 MP: 4/4
  1954 | D:2      | Found a basalt altar of Yredelemnul.
  2227 | D:3      | Found a shimmering altar of Xom.
  2390 | D:3      | Reached XP level 5. HP: 29/32 MP: 5/5
  2410 | D:3      | Found a white marble altar of Elyvilon.
  2420 | D:3      | Reached skill level 7 in Unarmed Combat
  2555 | D:3      | Found a blossoming altar of Fedhas.
  2817 | D:3      | Reached XP level 6. HP: 20/37 MP: 6/6
  3055 | D:3      | Reached skill level 8 in Unarmed Combat
  3381 | D:4      | Noticed Prince Ribbit
  3567 | D:3      | Slain by Prince Ribbit

Action                   |  1- 3 |  4- 6 || total
-------------------------+-------+-------++-------
Melee: Unarmed           |   117 |   172 ||   289
  Use: Scroll            |     5 |     4 ||     9
       Potion            |       |     2 ||     2
 Stab: Sleeping          |     1 |       ||     1
       Distracted        |       |     1 ||     1
